 Dungeon Crawl Stone Soup version 0.30-a0-930-gb9d0489357 (webtiles) character file.

Game seed: 12241265338755525551

30 DeathPants the Grave Robber (level 3, -3/17 HPs)
             Began as a Vine Stalker Necromancer on Mar 23, 2023.
             Slain by Robin
             ... wielding a +0 mace
              (7 damage)
             ... on level 2 of the Dungeon.
             The game lasted 00:02:43 (746 turns).

DeathPants the Grave Robber (VSNe)                   Turns: 746, Time: 00:02:44

Health: -3/17      AC:  3    Str: 10    XL:     3   Next: 20%
Magic:  0/7        EV: 12    Int: 15    God:
Gold:   43         SH:  0    Dex: 16    Spells: 6/7 levels left

rFire   . . .      SeeInvis .    m - +0 dagger
rCold   . . .      Faith    .    (no shield)
rNeg    . . .      Spirit   +    k - +0 leather armour
rPois   .          Reflect  .    (no helmet)
rElec   .          Rampage  .    (no cloak)
rCorr   .                        (no gloves)
Will    .....                    (no boots)
Stlth   ++                       (no amulet)
HPRegen 0.22/turn                (no ring)
MPRegen 0.10/turn                (no ring)

@: about to teleport
A: fangs 2, magic shield, antimagic bite, no potion heal 2
a: no special abilities


You were on level 2 of the Dungeon.
You visited 1 branch of the dungeon, and saw 2 of its levels.

You collected 43 gold pieces.

Inventory:

Hand Weapons
 m - a +0 dagger (weapon)
Armour
 k - a +0 leather armour (worn)
Scrolls
 a - a scroll of fear {unknown}
 c - a scroll of teleportation
 e - a scroll of poison {unknown}
 f - a scroll of vulnerability {unknown}
 g - 2 scrolls of identify {unknown}
Potions
 b - a potion of magic
 d - a potion of might {unknown}
 h - a potion of invisibility {unknown}
 j - a potion of degeneration {unknown}
 l - a potion of curing {unknown}


   Skills:
 + Level 0.9 Fighting
 + Level 1.9 Dodging
 + Level 3.0 Stealth
 + Level 2.5 Spellcasting
 + Level 4.2 Necromancy


You had 6 spell levels left.
You knew the following spells:

 Your Spells              Type           Power      Damage    Failure   Level
a - Necrotise             Necr           56%        1d6       4%          1

Your spell library contained the following spells:

 Spells                   Type           Power      Damage    Failure   Level
 Vampiric Draining        Necr           14%        2d7       16%         3
 Animate Dead             Necr           14%        N/A       45%         4
 Agony                    Necr           14%        N/A       80%         5


Dungeon Overview and Level Annotations

Branches:
Dungeon (2/15)

Altars:

Annotations:
D:2 Robin


Innate Abilities, Weirdness & Mutations

You have extremely sharp teeth.
When hurt, damage is shared between your health and your magic reserves.
Your bite disrupts and absorbs the magic of your enemies.
Potions cannot restore your health.


Message History

A goblin comes into view. It is wielding a +0 dagger.
The goblin hits your goblin skeleton with a +0 club.
Aiming: Necrotise (safe; 4% risk of failure)
Press: ? - help, Q - select action Shift-Dir - straight line, f - hobgoblin
Aim: a hobgoblin (strong, chance to affect: 84%)
The hobgoblin writhes in agony.
Your goblin skeleton hits the goblin.
The hobgoblin closely misses you.
The goblin hits your goblin skeleton with a +0 club.
Your goblin skeleton is destroyed!
The goblin closely misses you.
You barely miss Robin.
Robin is severely wounded.
The hobgoblin barely misses you. The goblin hits you with a +0 club.
Aiming: Necrotise (safe; 4% risk of failure)
Press: ? - help, Q - select action Shift-Dir - straight line, f - Robin, p - hobgoblin
Aim: Robin, wielding a +0 mace, wearing a +0 animal skin and wearing a +0 helmet (severely wounded, chance to affect: 78%) Robin barely resists.
Robin barely misses you. The goblin hits you with a +0 club.
The goblin closely misses you. The goblin barely misses you.
The hobgoblin hits you.
Aiming: Necrotise (safe; 4% risk of failure)
Press: ? - help, Q - select action Shift-Dir - straight line, f/p - Robin
Aim: Robin, wielding a +0 mace, wearing a +0 animal skin and wearing a +0 helmet (severely wounded, chance to affect: 78%) Robin barely resists.
The goblin no longer looks unusually strong.
Robin roars a battlecry!
The goblins go into a battle-frenzy!
The hobgoblin closely misses you. The goblin hits you with a +0 club.
The goblin hits you but does no damage. The goblin hits you with a +0 dagger.
You don't have enough magic to cast this spell.
You don't have enough magic to cast this spell.
You hit Robin but do no damage.
Robin is severely wounded.
The goblin closely misses you. The hobgoblin closely misses you.
The goblin closely misses you. The goblin hits you with a +0 club.
* * * LOW HITPOINT WARNING * * *
As you read the scroll labelled VOXOHILUUM, it crumbles to dust.
You feel strangely unstable.
It was a scroll of teleportation.
Robin hits you with a +0 mace!
You die...

. ... ....# #"
#.# ....## #.#..#
.....## #..#.#
......#
~###....##.....##
......#.#.......#
.>##...ggg....#
......Sg@g..#
..##..####.## #.
.# .. g# S# g# .
g# ##


You could see Robin, an adder, a hobgoblin (strong) and 3 goblins.

Vanquished Creatures
  2 dart slugs (D:1)
  2 ball pythons (D:1)
  3 giant cockroaches (D:1)
  7 goblins
  3 hobgoblins
  A bat (D:1)
  A frilled lizard (D:1)
  3 rats (D:1)
22 creatures vanquished.

Vanquished Creatures (collateral kills)
  A ball python (D:1)
1 creature vanquished.

Grand Total: 23 creatures vanquished

Notes
Turn   | Place    | Note
-------+----------+-------------------------------------------
     0 | D:1      | DeathPants the Vine Stalker Necromancer began the quest for
                  | the Orb.
     0 | D:1      | Reached XP level 1. HP: 9/9 MP: 4/4
   192 | D:1      | Reached XP level 2. HP: 14/14 MP: 4/6
   538 | D:2      | Noticed Robin
   548 | D:1      | Reached XP level 3. HP: 9/17 MP: 0/7
   746 | D:2      | Slain by Robin

Illustrated notes

Levels and vault maps discovered:
D:1:      minmay_arrival_checkered_box, layout_loops_ring,
          nicolae_kite_square_tiling_tiny, glass_columns_c, chequers_mini_garden
D:2:      layout_loops_ring, chequers_serial_rivers_large_a, uniq_robin

Skill      XL: |  1  2  3 |
---------------+----------+-----
Stealth        | 3 |  3.0
Fighting       | |  0.9
Dodging        | |  1.9
Spellcasting   | |  2.5
Necromancy     | |  4.2

Action                     || total
---------------------------++-------
  Melee: Unarmed           ||     8
         Bite              ||    13
         Short sword       ||    25
         Punch             ||     1
         Dagger            ||     9
   Cast: Necrotise         ||    17
    Use: Scroll            ||     1
   Stab: Sleeping          ||     2
 Armour: Robe              ||     6
         Leather armour    ||    14
  Dodge: Dodged            ||    52

Table legend: (Time is in decaauts)
 A = Elapsed time spent in this place.
 B = Non-inter-level travel time spent in this place.
 C = Inter-level travel time spent in this place.
 D = Time resting spent in this place.
 E = Time spent auto-exploring this place.
 F = Levels seen in this place.
 G = Mean time per level.
                   A        B        C        D        E       F      G
               +--------+--------+--------+--------+--------+-----+--------+
         Total |    752 |    752 |      0 |    165 |    320 |   2 |  376.0 |
       Dungeon |    752 |    752 |      0 |    165 |    320 |   2 |  376.0 |
               +--------+--------+--------+--------+--------+-----+--------+

Top non-repeatable levels by time:
     D:1: 721 daAuts
     D:2: 31 daAuts
